 Dungeon Crawl Stone Soup version 0.32-a0-616-g9348d4545b (webtiles) character file.

Game seed: 6859848662935579631

8441 Shayle the Apothecary (level 11, -1/72 HPs)
             Began as a Coglin Alchemist on Mar 5, 2024.
             Slain by a vampire mosquito (3 damage)
             ... on level 10 of the Dungeon.
             The game lasted 00:59:43 (10452 turns).

Shayle the Apothecary (Coglin Alchemist)           Turns: 10452, Time: 00:59:44

Health: -1/72      AC:  6    Str:  9    XL:     11   Next: 30%
Magic:  6/19       EV: 15    Int: 18    God:
Gold:   718        SH:  0    Dex: 15    Spells: 1/20 levels left

rFire   . . .        r - +2 dagger (drain) {Suchat}
rCold   . . .        m - +0 trident (flame) {Raimund}
rNeg    . . .        a - +0 robe
rPois   .            g - +2 helmet
rElec   .            (no cloak)
rCorr   .            (no gloves)
SInv    .            f - +0 pair of boots
Will    .....        (amulet unavailable)
Stlth   ++           (ring unavailable)
HPRegen 0.32/turn    (ring unavailable)
MPRegen 0.16/turn    (no gizmo)

%: no passive effects
@: no status effects
A: off-hand wielding, slow wielding, warmup strikes, no jewellery
a: Invent Gizmo


You were on level 10 of the Dungeon.
You visited 2 branches of the dungeon, and saw 11 of its levels.

You collected 899 gold pieces.
You spent 181 gold pieces at shops.

Inventory:

Hand Weapons
 d - a +0 short sword {Gaius}
 m - a +0 trident of flaming (offhand) {Raimund}
 r - a +2 dagger of draining (weapon) {Suchat}
 x - a +0 morningstar of protection
Missiles
 h - a throwing net
 t - a curare-tipped dart
Armour
 a - a +0 robe (worn)
 f - a +0 pair of boots (worn)
 g - a +2 helmet (worn)
Wands
 o - a wand of flame (14)
 w - a wand of warping (3)
 y - a wand of mindburst (6)
Scrolls
 c - a scroll of enchant armour {unknown}
 i - 2 scrolls of noise
 j - 2 scrolls of identify
 k - a scroll of vulnerability {unknown}
 l - 2 scrolls of torment {unknown}
 n - 2 scrolls of amnesia {unknown}
 u - a scroll of fog {unknown}
 z - a scroll of revelation {unknown}
Potions
 b - a potion of magic
 e - a potion of degeneration
 p - a potion of cancellation
 q - 2 potions of brilliance
 s - a potion of enlightenment
 v - a potion of attraction


   Skills:
 + Level 2.0 Fighting
 + Level 6.1 Polearms
 + Level 6.9 Dodging
 - Level 1.5 Stealth
 - Level 5.3 Spellcasting
 + Level 6.7 Conjurations
 + Level 3.8 Necromancy
 + Level 1.1 Fire Magic
 - Level 4.6 Air Magic
 + Level 3.5 Earth Magic
 - Level 7.4 Alchemy


You had one spell level left.
You knew the following spells:

 Your Spells              Type           Power      Damage    Failure   Level
a - Sting                 Conj/Alch      100%       1d9       1%          1
b - Mephitic Cloud        Conj/Alch/Air  27%        N/A       3%          3
c - Olgreb's Toxic Radia  Alch           31%        N/A       6%          4
d - Blink                 Tloc           8%         N/A       19%         2
e - Borgnjor's Vile Clut  Necr/Erth      9%         N/A       61%         5
f - Sticky Flame          Fire/Alch      20%        2d6       22%         4

Your spell library contained the following spells:

 Spells                   Type           Power      Damage    Failure   Level
 Magic Dart               Conj           100%       1d8       1%          1
 Mercury Vapours          Alch/Air       52%        N/A       1%          2
 Call Imp                 Summ           8%         N/A       19%         2
 Animate Dead             Necr           18%        N/A       26%         4
 Manifold Assault         Tloc           4%         N/A       77%         4
 Death Channel            Necr           9%         N/A       99%         6
 Dispersal                Tloc           2%         N/A       100%        6
 Disjunction              Tloc           2%         N/A       100%        8


Dungeon Overview and Level Annotations

Branches:
Dungeon (10/15)            Temple (1/1) D:6
   Lair: D:8-11         Orc: D:9-12

Altars:
Dithmenos
Elyvilon
Fedhas
Makhleb
Nemelex Xobeh
Qazlal
Ru
Sif Muna
Trog
Uskayaw
Vehumet
Wu Jian
Xom
Yredelemnul
Zin
The Shining One

Shops:
D:2 [   D:5 *   D:6 :   D:10 =

Annotations:
D:9 1 runed translucent door, DeathSocks's ghost, novice MiMo


Innate Abilities, Weirdness & Mutations

You can wield a second weapon in your off-hand.
It takes a long time for you to wield or remove held weapons.
Your first few attacks do less damage.
You cannot equip rings or amulets.


Message History

The vampire mosquito bites you but does no damage.
The vampire mosquito bites you!
* * * LOW HITPOINT WARNING * * *
The vampire mosquito draws strength from your injuries!
Okay, then.
Okay, then.
Unknown command.
Aiming: Mindburst
Press: ? - help, Shift-Dir - straight line, f/p - vampire mosquito
Aim: a vampire mosquito (moderately damaged, covered in liquid flames, chance to affect: 64%)
The vampire mosquito's mind is blasted!!
You hear the faint creaking of a portcullis nearby.
The vampire mosquito burns!
You destroy the vampire mosquito!
The vampire mosquito burns!
You destroy the vampire mosquito!
The vampire mosquito bites you.
* * * LOW HITPOINT WARNING * * *
The vampire mosquito draws strength from your injuries!
Your Fighting skill increases to level 2!
Casting: Sticky Flame (dangerous; 22% risk of failure)
Confirm with . or Enter, or press ? or * to list all spells.
Aiming: Sticky Flame (dangerous; 22% risk of failure)
Press: ? - help, Shift-Dir - straight line, f - vampire mosquito
Aim: a vampire mosquito The sticky flame hits the vampire mosquito!
The vampire mosquito is moderately damaged.
The vampire mosquito burns!
The vampire mosquito closely misses you.
The vampire mosquito bites you.
* * * LOW HITPOINT WARNING * * *
The vampire mosquito draws strength from your injuries!
Aiming: Mindburst
Press: ? - help, Shift-Dir - straight line, f/p - vampire mosquito
Aim: a vampire mosquito (moderately damaged, covered in liquid flames, chance to affect: 64%)
The vampire mosquito struggles to resist.
The vampire mosquito burns!
The vampire mosquito completely misses you.
The vampire mosquito bites you.
You die...

##...l.....#
............#
.........##.##
.........##..#
.....#...###.##
D..##....# #..#
.## ##..##
##.## ### #†y#
##@# #..# ##.#
.. #.. ..# .##
.#


You could see a vampire mosquito (burning).

Vanquished Creatures
  A boulder beetle (D:7)
  A two-headed ogre (D:8)
  Pikel (D:5)
  A deep elf pyromancer (D:8)
  A manticore (D:8)
  An unseen horror zombie (D:9)
  A komodo dragon (D:10)
  4 hornets
  A wyvern (D:9)
  A basilisk (D:8)
  6 yaks
  2 steam dragons (D:7)
  2 vampire mosquitoes (D:10)
  3 ice beasts
  A sky beast (D:6)
  An ogre (D:5)
  A centaur (D:9)
  3 phantoms
  A kobold brigand (D:7)
  A gnoll sergeant (D:8)
  2 bullfrogs
  2 scorpions
  4 wights
  12 killer bees
  5 howler monkeys
  A spectral centaur (D:9)
  A centaur zombie (D:9)
  3 hounds
  2 jellies (D:4)
  A bombardier beetle (D:7)
  4 orc priests
  4 iguanas
  6 orc wizards
  2 howler monkey zombies (D:9)
  7 gnolls
  7 adders
  2 white imps
  2 ufetubi (D:5)
  2 dart slugs
  2 ribbon worms (D:3)
  33 orcs
  4 endoplasms
  5 giant cockroaches
  6 goblins
  4 hobgoblins
  12 jackals
  A quokka (D:3)
  7 ball pythons
  8 bats
  15 kobolds
  6 rats
  2 butterflies (D:6)
208 creatures vanquished.

Vanquished Creatures (collateral kills)
  A gnoll (D:4)
1 creature vanquished.

Vanquished Creatures (others)
  A killer bee (D:9)
1 creature vanquished.

Grand Total: 210 creatures vanquished

Notes
Turn   | Place    | Note
-------+----------+-------------------------------------------
     0 | D:1      | Shayle the Coglin Alchemist began the quest for the Orb.
     0 | D:1      | Reached XP level 1. HP: 13/13 MP: 3/3
    78 | D:1      | Reached skill level 1 in Conjurations
   208 | D:1      | Reached XP level 2. HP: 11/19 MP: 4/4
   720 | D:1      | Reached XP level 3. HP: 24/24 MP: 4/6
  1058 | D:2      | Found a faded altar of an unknown god.
  1451 | D:2      | Reached XP level 4. HP: 30/30 MP: 4/7
  1971 | D:2      | Found Jine Ysmu's Antique Armour Boutique.
  2253 | D:3      | Reached skill level 4 in Alchemy
  2435 | D:3      | Noticed an ice beast
  2437 | D:3      | Found a radiant altar of Vehumet.
  2468 | D:3      | Killed an ice beast
  2469 | D:3      | Reached XP level 5. HP: 9/35 MP: 7/9
  2737 | D:3      | Learned a level 3 spell: Mephitic Cloud
  2998 | D:4      | Noticed a phantom
  3024 | D:4      | Killed a phantom
  3025 | D:4      | Reached XP level 6. HP: 19/41 MP: 10/10
  3307 | D:4      | Reached skill level 1 in Polearms
  3307 | D:4      | Reached skill level 1 in Air Magic
  3836 | D:4      | Learned a level 4 spell: Olgreb's Toxic Radiance
  3839 | D:4      | Learned a level 2 spell: Blink
  3921 | D:5      | Entered Level 5 of the Dungeon
  4042 | D:5      | Reached XP level 7. HP: 45/46 MP: 7/11
  4102 | D:5      | Found a burning altar of Makhleb.
  4253 | D:5      | Reached skill level 5 in Alchemy
  4407 | D:5      | Noticed Pikel
  4425 | D:5      | Killed Pikel
  4426 | D:5      | Reached XP level 8. HP: 8/52 MP: 13/13
  4823 | D:5      | Found Xiguamozi's Assorted Antiques.
  4842 | D:5      | Bought a scroll labelled SIBRACZEMOS for 23 gold pieces
  4842 | D:5      | Bought a scroll labelled CUAXUW ASIKHLIU for 23 gold pieces
  4842 | D:5      | Bought a scroll labelled FENUYX EKYEZUJ for 23 gold pieces
  4842 | D:5      | Bought a scroll labelled GIVA GONISAIZ for 23 gold pieces
  4842 | D:5      | Bought a potion of curing for 69 gold pieces
  4842 | D:5      | Bought a fuming ruby potion for 20 gold pieces
  5660 | D:6      | Found a staircase to the Ecumenical Temple.
  5670 | Temple   | Entered the Ecumenical Temple
  5741 | D:6      | Reached skill level 6 in Alchemy
  5807 | D:6      | Noticed a yak
  5807 | D:6      | Noticed a yak
  5807 | D:6      | Noticed a yak
  5807 | D:6      | Noticed a yak
  5807 | D:6      | Noticed a yak
  5915 | D:6      | Killed a yak
  5916 | D:6      | Reached XP level 9. HP: 38/57 MP: 15/15
  6092 | D:6      | Found Robif's Book Shop.
  6196 | D:6      | Reached skill level 5 in Dodging
  6448 | D:7      | Noticed a hornet
  6476 | D:7      | Killed a hornet
  6477 | D:7      | Reached skill level 5 in Conjurations
  6688 | D:7      | Noticed a boulder beetle
  6738 | D:7      | Killed a boulder beetle
  6739 | D:7      | Reached skill level 5 in Spellcasting
  6739 | D:7      | Reached skill level 7 in Alchemy
  6739 | D:7      | Reached XP level 10. HP: 63/63 MP: 12/17
  6818 | D:7      | HP: 3/63 [steam dragon/ball of steam (10)]
  7432 | D:7      | Learned a level 5 spell: Borgnjor's Vile Clutch
  7753 | D:8      | Paralysed by a hornet for 1 turns
  7800 | D:8      | Noticed a two-headed ogre
  7802 | D:8      | Reached skill level 5 in Polearms
  7802 | D:8      | Reached skill level 1 in Necromancy
  7802 | D:8      | Reached skill level 1 in Earth Magic
  7815 | D:8      | Killed a two-headed ogre
  8014 | D:8      | Noticed a deep elf pyromancer
  8019 | D:8      | Noticed a manticore
  8875 | D:8      | Killed a manticore
  9081 | D:8      | Killed a deep elf pyromancer
  9467 | D:9      | Found a sparkling altar of Nemelex Xobeh.
  9476 | D:9      | Reached XP level 11. HP: 68/68 MP: 16/19
  9545 | D:9      | Reached skill level 1 in Fighting
  9589 | D:9      | Learned a level 4 spell: Sticky Flame
 10092 | D:9      | Noticed DeathSocks's ghost (novice MiMo)
 10099 | D:9      | Found a runed translucent door.
 10400 | D:10     | Entered Level 10 of the Dungeon
 10400 | D:10     | Found Foneax's Jewellery Emporium.
 10433 | D:10     | Reached skill level 1 in Fire Magic
 10451 | D:10     | HP: 2/72 [vampire mosquito (6)]
 10452 | D:10     | Slain by a vampire mosquito

Illustrated notes

Levels and vault maps discovered:
D:1:      mrwooster_arrival_statue, layout_loops_ring
D:2:      layout_loops_ring, ebering_ecumenical_altar_hall, serial_shops, shop
D:3:      layout_basic, vehumet_altar_wand_db
D:4:      layout_gridville
D:5:      layout_rooms, lightli_temple_of_fire, serial_shops,
          nicolae_shop_window_shopping, uniq_pikel
D:6:      layout_gridville, minmay_temple_entry_butterflies, serial_shops, shop
D:7:      layout_layer_cave
D:8:      layout_basic, minivault_24, hangedman_minor_gate_pass
D:9:      layout_roguey, nemelex_xobeh_ov_fountains_minmay,
          hellmonk_ghost_big_iron, hangedman_weighted_door
D:10:     layout_cave_pods, okawaru_trees_2,
          nicolae_overflow_hallway_of_the_gods, dpeg_lair_monsters,
          serial_shops, shop, nicolae_trove_entry_diagonal, enter_bailey_4
Temple:   nicolae_temple_bog_church

Skill      XL: |  1  2  3  4  5  6  7  8  9 10 11 |
---------------+----------------------------------+-----
Conjurations   | 1 2 3 4 5 6 |  6.7
Dodging        | 2 3 4 5 6 |  6.9
Spellcasting   | 2 3 4 5 |  5.3
Alchemy        | 4 5 6 7 |  7.4
Polearms       | 1 2 3 4 5 6 |  6.1
Air Magic      | 1 2 3 4 |  4.6
Necromancy     | 3 |  3.8
Earth Magic    | 2 3 |  3.5
Fighting       | 2 |  2.0
Fire Magic     | 1 |  1.1
Stealth        | |  1.5

Action                     |  1- 3 |  4- 6 |  7- 9 | 10-12 || total
---------------------------+-------+-------+-------+-------++-------
  Melee: Short sword       |   120 |   106 |    61 |       ||   287
         Trident           |       |    74 |   198 |   198 ||   470
         Dagger            |       |       |   117 |   174 ||   291
   Cast: Sting             |    31 |    31 |     2 |       ||    64
         Mephitic Cloud    |       |     4 |    13 |    36 ||    53
         Blink             |       |       |       |     2 ||     2
         Sticky Flame      |       |       |       |     9 ||     9
  Evoke: Wand              |       |     4 |    17 |    11 ||    32
    Use: Potion            |       |     7 |     1 |     3 ||    11
         Scroll            |       |     6 |     3 |     5 ||    14
   Stab: Sleeping          |     3 |       |     5 |     2 ||    10
         Confused          |       |     6 |    33 |    44 ||    83
 Armour: Robe              |    96 |    75 |   100 |   123 ||   394
  Dodge: Dodged            |    88 |    92 |   122 |   168 ||   470

Table legend: (Time is in decaauts)
 A = Elapsed time spent in this place.
 B = Non-inter-level travel time spent in this place.
 C = Inter-level travel time spent in this place.
 D = Time resting spent in this place.
 E = Time spent auto-exploring this place.
 F = Levels seen in this place.
 G = Mean time per level.
                   A        B        C        D        E       F      G
               +--------+--------+--------+--------+--------+-----+--------+
         Total |  10484 |  10228 |    256 |   2354 |   5547 |  11 |  953.1 |
       Dungeon |  10447 |  10227 |    220 |   2354 |   5547 |  10 | 1044.7 |
        Temple |     36 |      0 |     36 |      0 |      0 |   1 |   36.0 |
               +--------+--------+--------+--------+--------+-----+--------+

Top non-repeatable levels by time:
     D:8: 1685 daAuts
     D:7: 1439 daAuts
     D:5: 1199 daAuts
     D:4: 1191 daAuts
     D:2: 1171 daAuts
     D:6: 1011 daAuts
     D:1: 961 daAuts
     D:9: 878 daAuts
     D:3: 856 daAuts
    D:10: 51 daAuts
  Temple: 36 daAuts
